 Dungeon Crawl Stone Soup version 0.31-a0-210-gccc998df9b (webtiles) character file.

Game seed: 11564760483085335283

1920 CornPuffBuddha the Skirmisher (level 8, -1/62 HPs)
             Began as a Minotaur Hunter on June 30, 2023.
             Was a Follower of Ru.
             Slain by an orc warrior
             ... wielding a +0 dire flail
              (12 damage)
             ... on level 6 of the Dungeon.
             The game lasted 00:19:12 (5568 turns).

CornPuffBuddha the Skirmisher (Minotaur Hunter)     Turns: 5568, Time: 00:19:13

Health: -1/62      AC:  5    Str: 16    XL:     8   Next: 95%
Magic:  7/7        EV: 12    Int:  6    God:    Ru [*.....]
Gold:   420        SH:  0    Dex: 16    Spells: 7/7 levels left

rFire   . . .        a - +0 shortbow
rCold   . . .        (shield currently unavailable)
rNeg    . . .        b - +0 troll leather armour {Pargi}
rPois   .            (helmet restricted)
rElec   .            (no cloak)
rCorr   .            j - +0 pair of gloves
SInv    .            (no boots)
Will    .....        (no amulet)
Stlth   ++           (no ring)
HPRegen 1.10/turn    (no ring)
MPRegen 0.10/turn

%: no passive effects
@: no status effects
A: horns 2, cowardly, retaliatory headbutt
a: Renounce Religion


You were on level 6 of the Dungeon.
You worshipped Ru.
Ru was aware of your devotion.
You visited 2 branches of the dungeon, and saw 8 of its levels.
You also visited: Sewer.

You collected 420 gold pieces.

Inventory:

Hand Weapons
 a - a +0 shortbow (weapon)
Missiles
 w - 5 atropa-tipped darts
Armour
 b - a +0 troll leather armour (worn) {Pargi}
 c - a +0 leather armour
 d - a +2 leather armour of willpower
 j - a +0 pair of gloves (worn)
 s - a +0 cloak
Jewellery
 q - a +6 ring of intelligence
Wands
 h - a wand of charming (4)
Scrolls
 e - 3 scrolls of identify {unknown}
 f - a scroll of enchant weapon {unknown}
 g - a scroll of fog {unknown}
 i - a scroll of blinking {unknown}
 k - 2 scrolls of noise {unknown}
 n - a scroll of silence {unknown}
 o - 3 scrolls of teleportation
 r - 3 scrolls of enchant armour {unknown}
 t - a scroll of summoning {unknown}
 v - a scroll of torment {unknown}
 x - a scroll of amnesia {unknown}
 y - a scroll of revelation {unknown}
 B - a scroll of vulnerability {unknown}
 C - a scroll of brand weapon {unknown}
Potions
 l - a potion of brilliance
 m - 2 potions of lignification {unknown}
 p - a potion of enlightenment
 u - a potion of attraction {unknown}
 A - a potion of curing


   Skills:
 - Level 2.5 Fighting
 + Level 13.3 Ranged Weapons
 - Level 2.2 Dodging
 - Level 0.8 Stealth


You had 7 spell levels left.
You didn't know any spells.
Your spell library contained the following spells:

 Spells                   Type           Power      Damage    Failure   Level
 Apportation              Tloc           0%         N/A       52%         1
 Blink                    Tloc           0%         N/A       67%         2
 Animate Armour           Summ/Erth      0%         N/A       99%         4
 Manifold Assault         Tloc           0%         N/A       99%         4
 Summon Lightning Spire   Summ/Air       0%         N/A       99%         4
 Alistair's Intoxication  Tmut/Pois      0%         N/A       100%        5
 Blade Hands              Tmut           0%         N/A       100%        5
 Summon Forest            Summ/Tloc      0%         N/A       100%        5
 Eringya's Noxious Bog    Tmut/Pois      0%         N/A       100%        6
 Storm Form               Tmut/Air       0%         N/A       100%        7
 Summon Hydra             Summ           0%         N/A       100%        7


Dungeon Overview and Level Annotations

Branches:
Dungeon (7/15)             Temple (1/1) D:4           Sewer (visited)

Altars:
Ashenzari
Cheibriados
Dithmenos
Elyvilon
Fedhas
Gozag
Hepliaklqana
Kikubaaqudgha
Makhleb
Nemelex Xobeh
Ru
Sif Muna
Trog
Uskayaw
Wu Jian
Xom
Zin


Innate Abilities, Weirdness & Mutations

You have a pair of horns on your head.
Your cowardice makes you less effective in combat with threatening foes.
You reflexively headbutt those who attack you in melee.


Message History

The orc warrior is lightly wounded.
You feel sick.
The orc warrior hits you with a +0 dire flail!
You are too injured to fight recklessly!
You are too injured to fight recklessly!
You shoot an arrow. The arrow hits the orc warrior!
The orc warrior is moderately wounded.
The orc warrior barely misses you. You furiously retaliate!
You headbutt the orc warrior. You shoot an arrow.
The arrow hits the orc warrior but does no damage.
The orc warrior is heavily wounded.
You feel sick.
You are no longer poisoned.
The orc warrior hits you with a +0 dire flail!
* * * LOW HITPOINT WARNING * * *
You feel much better. The orc warrior barely misses you.
You shoot an arrow. The arrow hits the orc warrior.
The orc warrior is heavily wounded.
You shoot an arrow.
The arrow hits the orc warrior but does no damage.
The orc warrior is heavily wounded.
The orc warrior hits you with a +0 dire flail!
You shoot an arrow.
The arrow barely misses the orc warrior.
The orc warrior misses you. You furiously retaliate!
You headbutt the orc warrior. You shoot an arrow.
The arrow barely misses the orc warrior.
The orc warrior hits you with a +0 dire flail!
* * * LOW HITPOINT WARNING * * *
You shoot an arrow. The arrow hits the orc warrior.
The orc warrior is almost dead.
You shoot an arrow.
The arrow barely misses the orc warrior.
The orc warrior misses you.
You shoot an arrow.
The arrow closely misses the orc warrior.
The orc warrior hits you with a +0 dire flail!
You die...

#.# #....# ##.#'### #.#.#
#.###....#####......# #.#.#
##.#.'....'..........# #.#.#
.#.#.#....#####......# #.#.#
...#.#....# #......###.#.#
.#.#.##########........#.#.#
...#.#..............†....#.#
...#.##.###......#.#.....#.#
...............o@'...#...#.#
.#.#.##..##......#.......#.#
.#.#.##..##......######..#.##
.#.#.##..#######............#
.#.#.##..# #.#########..#
.#.#.##..#######............#
.#.#.............########...#
##.#........................#
##.#......................#.#


You could see an orc warrior.

Vanquished Creatures
  Eustachio (D:4)
  A water moccasin (D:6)
  2 sky beasts (D:6)
  Pargi (Sewer)
  4 black bears
  An ogre (D:5)
  A gnoll sergeant (D:5)
  3 scorpions
  A howler monkey (D:5)
  3 hounds
  An orc priest (D:5)
  A jelly (D:5)
  2 iguanas
  4 sleepcaps
  2 orc wizards
  8 adders
  13 gnolls
  A shadow imp (D:6)
  2 ufetubi
  2 worms
  4 dart slugs (D:2)
  12 orcs
  6 ball pythons
  5 bats
  13 endoplasms
  3 giant cockroaches
  8 goblins
  5 hobgoblins
  6 jackals
  13 quokkas
  7 frilled lizards
  11 kobolds
  6 rats
153 creatures vanquished.

Vanquished Creatures (collateral kills)
  3 gnolls (D:5)
3 creatures vanquished.

Grand Total: 156 creatures vanquished

Notes
Turn   | Place    | Note
-------+----------+-------------------------------------------
     0 | D:1      | CornPuffBuddha the Minotaur Hunter began the quest for the
                  | Orb.
     0 | D:1      | Reached XP level 1. HP: 18/18 MP: 0/0
   102 | D:1      | Reached XP level 2. HP: 25/25 MP: 1/1
   157 | D:1      | Reached skill level 5 in Ranged Weapons
   327 | D:1      | You fall into a shaft and drop 1 floor!
   401 | D:2      | Reached XP level 3. HP: 30/30 MP: 2/2
   505 | D:2      | Found a glowing silver altar of Zin.
   761 | D:2      | Reached skill level 6 in Ranged Weapons
   839 | D:1      | Reached XP level 4. HP: 37/37 MP: 3/3
  2071 | D:3      | Reached XP level 5. HP: 7/42 MP: 4/4
  2303 | D:3      | Reached skill level 7 in Ranged Weapons
  2522 | D:4      | Noticed Eustachio
  2544 | D:4      | Killed Eustachio
  2545 | D:4      | Reached skill level 8 in Ranged Weapons
  2545 | D:4      | Reached XP level 6. HP: 12/50 MP: 5/5
  2874 | D:4      | Reached skill level 9 in Ranged Weapons
  2980 | D:4      | Reached XP level 7. HP: 30/56 MP: 6/6
  3025 | D:4      | Found a staircase to the Ecumenical Temple.
  3108 | D:4      | Found a glowing drain.
  3124 | Sewer    | Entered a sewer
  3254 | Sewer    | Noticed Pargi
  3300 | Sewer    | Killed Pargi
  3686 | D:4      | Reached skill level 10 in Ranged Weapons
  3856 | Temple   | Entered the Ecumenical Temple
  3968 | Temple   | Became a worshipper of Ru the Awakened
  4014 | D:5      | Entered Level 5 of the Dungeon
  4314 | D:5      | Found a hide-covered altar of Uskayaw.
  4381 | D:5      | Reached skill level 11 in Ranged Weapons
  4381 | D:5      | Reached XP level 8. HP: 62/62 MP: 7/7
  4839 | D:6      | Reached skill level 12 in Ranged Weapons
  5175 | D:6      | Gained mutation: Your cowardice makes you less effective in
                  | combat with threatening foes. [Ru sacrifice]
  5175 | D:6      | Reached * piety under Ru
  5282 | D:6      | Reached skill level 13 in Ranged Weapons
  5568 | D:6      | Slain by an orc warrior

Illustrated notes

Levels and vault maps discovered:
D:1:      tekkud_arrival_beachfront_property, layout_basic,
          chequers_serial_rivers_micro_d, minmay_indecisive_spiral
D:2:      minmay_inner_zag, layout_loops_ring, basic_altar
D:3:      layout_loops_ring, minmay_misc_feat_diagonals, fountainhead,
          minmay_quantized
D:4:      layout_rooms, minmay_temple_entry_junction, gup_sewer_entry_bubbles,
          uniq_eustachio
D:5:      layout_rooms, mainiacjoe_overflow_chevrons
D:6:      layout_basic
D:7:      layout_basic, okawaru_ov_weapons_minmay, enter_bailey_4,
          serial_corexii_hall, chequers_hall_statues_y,
          chequers_hall_statues_corner_a, uniq_duvessa, uniq_joseph
Temple:   nicolae_temple_superstar

Skill      XL: |  1  2  3  4  5  6  7  8 |
---------------+-------------------------+-----
Ranged Weapons | 5 6 8 9 11 13 | 13.3
Fighting       | |  2.5
Dodging        | |  2.2
Stealth        | |  0.8

Action                     |  1- 3 |  4- 6 |  7- 9 || total
---------------------------+-------+-------+-------++-------
   Fire: Shortbow          |   115 |   148 |   360 ||   623
 Invoke: Sacrifice Courage |       |       |     1 ||     1
  Evoke: Wand              |       |     2 |     2 ||     4
    Use: Potion            |       |     3 |     3 ||     6
         Scroll            |       |     1 |     1 ||     2
 Armour: Leather armour    |     5 |    42 |    18 ||    65
         Troll leather arm |       |       |    43 ||    43
  Dodge: Dodged            |    14 |    79 |   117 ||   210

Table legend: (Time is in decaauts)
 A = Elapsed time spent in this place.
 B = Non-inter-level travel time spent in this place.
 C = Inter-level travel time spent in this place.
 D = Time resting spent in this place.
 E = Time spent auto-exploring this place.
 F = Levels seen in this place.
 G = Mean time per level.
                   A        B        C        D        E       F      G
               +--------+--------+--------+--------+--------+-----+--------+
         Total |   5583 |   5330 |    253 |    663 |   3244 |   9 |  620.3 |
       Dungeon |   5049 |   4837 |    212 |    476 |   3098 |   7 |  721.3 |
        Temple |    140 |     99 |     41 |      0 |     63 |   1 |  140.0 |
         Sewer |    393 |    393 |      0 |    187 |     83 |   1 |  393.0 |
               +--------+--------+--------+--------+--------+-----+--------+

Top non-repeatable levels by time:
     D:4: 1004 daAuts
     D:1: 925 daAuts
     D:6: 871 daAuts
     D:3: 807 daAuts
     D:2: 800 daAuts
     D:5: 622 daAuts
   Sewer: 393 daAuts
  Temple: 140 daAuts
     D:7: 17 daAuts
